 Dungeon Crawl Stone Soup version 0.30-a0-160-gcfceee88d3 (webtiles) character file.

Game seed: 629212867647376562

256 qw the Chopper (level 6, 0/37 HPs)
             Began as a Gargoyle Fighter on Sept 27, 2022.
             Slain by a hobgoblin (2 damage)
             ... on level 4 of the Dungeon.
             The game lasted 00:01:07 (3050 turns).

qw the Chopper (Gargoyle Fighter)                   Turns: 3050, Time: 00:01:07

Health: 0/37       AC: 13    Str: 28    XL:     6   Next: 16%
Magic:  6/6        EV:  9    Int:  8    God:
Gold:   119        SH:  4    Dex:  9    Spells: 5/5 levels left

rFire   . . .      SeeInvis +    Y - +0 war axe
rCold   . . .      Faith    .    c - +0 buckler
rNeg    + . .      Spirit   .    b - +0 scale mail
rPois   inf        Reflect  .    l - +0 helmet
rElec   +          Harm     .    (no cloak)
rCorr   .          Rampage  .    e - +0 pair of gloves
Will    .....                    (no boots)
Stlth   ..........               (no amulet)
HPRegen 0.12/turn                h - ring of see invisible
MPRegen 0.10/turn                o - +6 ring of strength

@: no status effects
A: sickness immunity, AC +4, negative energy resistance 1, electricity
resistance, torment resistance 1, petrification resistance
a: no special abilities


You were on level 4 of the Dungeon.
You visited 1 branch of the dungeon, and saw 4 of its levels.

You collected 119 gold pieces.


Innate Abilities, Weirdness & Mutations

You are immune to sickness and miasma.
Your stone body is resilient. (AC +4)
You are immune to poison.
You resist negative energy. (rN+)
You are resistant to electric shocks. (rElec)
You are resistant to unholy torment.
You are immune to petrification.


   Skills:
 - Level 3.2 Fighting
 - Level 5.4 Axes
 - Level 1.0 Throwing
 - Level 3.2 Armour
 + Level 0.9 Dodging
 - Level 3.2 Shields


You had 5 spell levels left.
You didn't know any spells.
Your spell library was empty.

Inventory:

Hand Weapons
 t - a +0 flail
 Y - a +0 war axe (weapon)
Armour
 b - a +0 scale mail (worn)
 c - a +0 buckler (worn)
 e - a +0 pair of gloves (worn)
 l - a +0 helmet (worn)
Jewellery
 h - a ring of see invisible (left hand)
 o - a +6 ring of strength (right hand)
Potions
 a - a potion of brilliance {unknown}
 d - a potion of might
 f - a potion of ambrosia {unknown}
 i - a potion of cancellation {unknown}
 k - a potion of magic {unknown}
 m - a potion of mutation {unknown}
 n - a potion of resistance {unknown}
 r - a potion of flight {unknown}

Dungeon Overview and Level Annotations

Branches:
Dungeon (4/15)
 Temple: D:4-7

Altars:


Message History

The phantom is severely damaged.
The phantom hits you but does no damage.
You barely miss the phantom.
The phantom is severely damaged.
The phantom hits you but does no damage. x2
You slash the phantom!
You destroy the phantom!
Your Axes skill increases to level 5!
You have reached level 6!
You start resting.
You hear the hiss of an avalanche of sand nearby.
HP restored.
Found a spear.
You see here a giant cockroach corpse.
q - 3 javelins (gained 1)
An iguana comes into view.
The iguana hisses angrily.
Throw: 3 javelins
Press: ? - help, Q - select action Shift-Dir - straight line, f - iguana You throw a javelin.
The javelin barely misses the iguana.
You hear a shout! x2
An ogre comes into view. It is wielding a +0 giant club.
A hobgoblin comes into view.
Throw: 2 javelins
Press: ? - help, Q - select action Shift-Dir - straight line, f/p - iguana You throw a javelin.
The javelin barely misses the iguana.
Throw: javelin
Press: ? - help, Q - select action Shift-Dir - straight line, f/p - iguana You throw a javelin.
The javelin pierces through the iguana!
The iguana is heavily wounded.
You slash the iguana!
You kill the iguana!
You barely miss the ogre. The ogre hits you with a +0 giant club.
You barely miss the ogre.
The ogre hits you with a +0 giant club!!
Ouch! That really hurt!
The hobgoblin completely misses you.
You barely miss the ogre. You hit the hobgoblin. The ogre barely misses you.
The hobgoblin hits you.
You die...

### ##### ##### #..
##...## ##...###.##
#.....#####.....##.##
#..#....%....#..##.##
#)(.@.#####.....##.##
##.gO## ##...###.##
##.## ##.####... #(
#.#...... #(
#.')%#### #.
#.#...... #.
#.###.### (. ... #.#
.... #.#


You could see an ogre and a hobgoblin.

Vanquished Creatures
  A phantom (D:4)
  A hound (D:4)
  2 iguanas (D:4)
  An adder (D:4)
  2 worms (D:3)
  2 dart slugs
  An orc (D:3)
  9 endoplasms
  3 giant cockroaches
  8 hobgoblins
  12 jackals
  9 kobolds
  3 quokkas
  6 ball pythons
  5 bats
  2 frilled lizards (D:2)
  10 goblins
  A rat (D:1)
78 creatures vanquished.

Vanquished Creatures (others)
  2 plants (D:2)
2 creatures vanquished.

Grand Total: 80 creatures vanquished

Notes
Turn   | Place    | Note
-------+----------+-------------------------------------------
     0 | D:1      | qw the Gargoyle Fighter began the quest for the Orb.
     0 | D:1      | Reached XP level 1. HP: 14/14 MP: 1/1
     0 | D:1      | 0 ||| qw: Version: 0.2-a-10-g37ed214
     0 | D:1      | 0 ||| qw: Game counter: 582
     0 | D:1      | 0 ||| qw: Always use a shield: true
     0 | D:1      | 0 ||| qw: God list: Okawaru
     0 | D:1      | 0 ||| qw: Allow faded altars: false
     0 | D:1      | 0 ||| qw: Do Orc after D:15 true
     0 | D:1      | 0 ||| qw: Do second Lair branch before Depths: true
     0 | D:1      | 0 ||| qw: Lair rune preference: random
     0 | D:1      | 0 ||| qw: Plans: Normal, Zot:1-4, God:TSO, Crypt, Tomb,
                  | Pan, Slime:5, Hells, Abyss, Orb
     0 | D:1      | 0 ||| PLANNING D:1-11
    82 | D:1      | Reached skill level 2 in Axes
   124 | D:1      | 124 ||| Stepping ~*~*~tactically~*~*~ (stealth).
   130 | D:1      | Reached XP level 2. HP: 19/19 MP: 2/2
   157 | D:1      | 157 ||| Stepping ~*~*~tactically~*~*~ (stealth).
   493 | D:1      | 493 ||| DROPPING +0 club.
   586 | D:1      | 586 ||| DROPPING +0 whip.
   662 | D:1      | Found a faded altar of an unknown god.
   785 | D:1      | Reached skill level 3 in Axes
   800 | D:1      | Reached XP level 3. HP: 19/23 MP: 3/3
   864 | D:1      | 864 ||| Stepping ~*~*~tactically~*~*~ (stealth).
  1005 | D:1      | 1005 ||| UPGRADING to ring of see invisible.
  1006 | D:1      | 1006 ||| DROPPING +6 ring of intelligence.
  1007 | D:1      | 1007 ||| READING scroll labelled LAONEDWUBI.
  1008 | D:1      | 1008 ||| READING scroll labelled LEMUWY BIED CAO.
  1009 | D:1      | 1009 ||| READING scroll labelled PIELYRCH TIQE.
  1027 | D:2      | Reached skill level 1 in Throwing
  1030 | D:2      | 1030 ||| Stepping ~*~*~tactically~*~*~ (stealth).
  1034 | D:2      | 1034 ||| Stepping ~*~*~tactically~*~*~ (stealth).
  1039 | D:2      | 1039 ||| Stepping ~*~*~tactically~*~*~ (stealth).
  1136 | D:2      | 1136 ||| Stepping ~*~*~tactically~*~*~ (hiding).
  1378 | D:2      | 1378 ||| Stepping ~*~*~tactically~*~*~ (stealth).
  1379 | D:2      | 1379 ||| Stepping ~*~*~tactically~*~*~ (stealth).
  1380 | D:2      | 1380 ||| Stepping ~*~*~tactically~*~*~ (stealth).
  1389 | D:2      | Reached XP level 4. HP: 28/28 MP: 4/4
  1416 | D:2      | 1416 ||| FLEEEEING.
  1417 | D:2      | 1417 ||| FLEEEEING.
  1425 | D:2      | 1425 ||| STAIRDANCE
  1466 | D:1      | 1466 ||| UPGRADING to +0 pair of gloves.
  1471 | D:1      | 1471 ||| READING scroll labelled HUCKI FOST.
  1619 | D:2      | 1619 ||| Stepping ~*~*~tactically~*~*~ (stealth).
  1773 | D:2      | 1773 ||| FLEEEEING.
  1774 | D:2      | 1774 ||| FLEEEEING.
  1775 | D:2      | 1775 ||| FLEEEEING.
  1776 | D:2      | 1776 ||| FLEEEEING.
  1777 | D:2      | 1777 ||| FLEEEEING.
  1785 | D:2      | 1785 ||| STAIRDANCE
  1813 | D:1      | 1813 ||| UPGRADING to +0 helmet.
  2057 | D:3      | 2057 ||| Stepping ~*~*~tactically~*~*~ (stealth).
  2198 | D:3      | 2198 ||| Stepping ~*~*~tactically~*~*~ (stealth).
  2400 | D:3      | 2400 ||| Stepping ~*~*~tactically~*~*~ (stealth).
  2404 | D:3      | Reached skill level 4 in Axes
  2404 | D:3      | 2404 ||| Stepping ~*~*~tactically~*~*~ (stealth).
  2405 | D:3      | 2405 ||| Stepping ~*~*~tactically~*~*~ (stealth).
  2406 | D:3      | 2406 ||| Stepping ~*~*~tactically~*~*~ (stealth).
  2740 | D:3      | 2740 ||| DROPPING +1 vorpal mace.
  2741 | D:3      | 2741 ||| UPGRADING to +6 ring of strength.
  2742 | D:3      | 2742 ||| READING scroll labelled RUVIYN AD XUDGH.
  2743 | D:3      | 2743 ||| READING scroll labelled AGONIQYPUA.
  2744 | D:3      | 2744 ||| READING scroll labelled ZEEDDA FYQOHU.
  2778 | D:4      | 2778 ||| PLANNING OSSUARY
  2799 | D:4      | 2799 ||| Stepping ~*~*~tactically~*~*~ (stealth).
  2800 | D:4      | 2800 ||| Stepping ~*~*~tactically~*~*~ (stealth).
  2804 | D:4      | 2804 ||| Stepping ~*~*~tactically~*~*~ (stealth).
  2812 | D:4      | Reached XP level 5. HP: 17/32 MP: 5/5
  2973 | D:4      | Noticed a phantom
  2983 | D:4      | Killed a phantom
  2984 | D:4      | Reached skill level 5 in Axes
  2984 | D:4      | Reached XP level 6. HP: 30/37 MP: 6/6
  3049 | D:4      | HP: 2/37 [ogre/+0 giant club (30)]
  3050 | D:4      | Slain by a hobgoblin

Levels and vault maps discovered:
D:1:      dpeg_arrival_pond, layout_loops_ring, chequers_ecumenical_altar_grove,
          st_stairs_2
D:2:      cheibrodos_old_hovel, layout_rooms, minmay_goblin_outpost
D:3:      layout_loops_corners, nicolae_underground_beach
D:4:      minmay_octagon_keep, layout_loops_ring,
          gammafunk_temple_overflow_claw, nicolae_ossuary_entry_ruins,
          uniq_menkaure, uniq_duvessa

Skill      XL: |  1  2  3  4  5 |
---------------+----------------+-----
Axes           | 2 3 4 5 |  5.4
Throwing       | 1 |  1.0
Fighting       | |  3.2
Armour         | |  3.2
Dodging        | |  0.9
Shields        | |  3.2

Action                   |  1- 3 |  4- 6 || total
-------------------------+-------+-------++-------
Melee: War axe           |   118 |    72 ||   190
Throw: Javelin           |    26 |    29 ||    55
  Use: Scroll            |     3 |     4 ||     7
Armor: Scale mail        |    74 |    40 ||   114
Dodge: Dodged            |    58 |    36 ||    94
Block: Buckler           |    22 |    13 ||    35

Table legend:
 A = Non-vault XP
 B = Vault XP
 C = Vault XP percentage of total XP
 D = Non-vault monster count
 E = Vault monster count
 F = Vault count percentage of total count
                 A         B        C        D         E       F
            +---------+---------+-------+---------+---------+-------
      Total |     132 |     235 |  64.0 |      64 |      14 |  17.9
            +---------+---------+-------+---------+---------+-------
        D:1 |      38 |       5 |  11.6 |      25 |       3 |  10.7
        D:2 |      45 |       7 |  13.5 |      24 |       4 |  14.3
        D:3 |      33 |       0 |   0.0 |      13 |       0 |   0.0
        D:4 |      16 |     223 |  93.3 |       2 |       7 |  77.8
            +---------+---------+-------+---------+---------+-------
